 Dungeon Crawl Stone Soup version 0.30-a0-1160-g6e42c06551 (webtiles) character file.

Game seed: 1497810278898760880

45 jasper the Gusty (level 3, -5/19 HPs)
             Began as a Tengu Air Elementalist on Apr 25, 2023.
             Slain by a gnoll
             ... wielding a +0 flail
              (8 damage)
             ... on level 2 of the Dungeon.
             The game lasted 00:01:15 (999 turns).

jasper the Gusty (Tengu Air Elementalist)            Turns: 999, Time: 00:01:16

Health: -5/19      AC:  2    Str:  8    XL:     3   Next: 64%
Magic:  3/7        EV: 12    Int: 17    God:
Gold:   153        SH:  0    Dex: 14    Spells: 3/6 levels left

rFire   . . .        i - +0 mace
rCold   . . .        (no shield)
rNeg    . . .        a - +0 robe
rPois   .            (helmet restricted)
rElec   .            (no cloak)
rCorr   .            (no gloves)
SInv    .            (boots unavailable)
Will    .....        (no amulet)
Stlth   ++           (no ring)
HPRegen 0.23/turn    (no ring)
MPRegen 0.10/turn

%: no passive effects
@: no status effects
A: beak, talons 3
a: no special abilities


You were on level 2 of the Dungeon.
You visited 1 branch of the dungeon, and saw 2 of its levels.

You collected 153 gold pieces.

Inventory:

Hand Weapons
 i - a +0 mace (weapon)
Missiles
 j - 2 poisoned darts
Armour
 a - a +0 robe (worn)
Jewellery
 l - an amulet of the acrobat
Scrolls
 c - a scroll of enchant weapon {unknown}
 d - 5 scrolls of identify {unknown}
 g - a scroll of noise {unknown}
 k - a scroll of magic mapping {unknown}
Potions
 e - a potion of berserk rage {unknown}
 f - a potion of curing {unknown}
 h - 2 potions of degeneration {unknown}


   Skills:
 - Level 2.1 Dodging
 - Level 2.0 Stealth
 - Level 2.0 Spellcasting
 - Level 1.3 Conjurations
 + Level 6.0 Air Magic


You had 3 spell levels left.
You knew the following spells:

 Your Spells              Type           Power      Damage    Failure   Level
a - Shock                 Conj/Air       56%        1d6       4%          1
b - Static Discharge      Conj/Air       28%        2-4/arc   6%          2

Your spell library contained the following spells:

 Spells                   Type           Power      Damage    Failure   Level
 Swiftness                Air            22%        N/A       4%          3
 Airstrike                Air            11%        2d(2-18)  16%         4


Dungeon Overview and Level Annotations

Branches:
Dungeon (2/15)

Altars:
Nemelex Xobeh


Innate Abilities, Weirdness & Mutations

You have a beak for a mouth.
You have claws for feet.


Message History

Magic courses through your body. The adder bites you but does no damage.
The adder bites you.
You take 2 damage, and have 12/19 hp.
MP restored: 7
Aiming: Shock (safe; 4% risk of failure)
Press: ? - help, Q - select action, (/) - cycle Shift-Dir - straight line, f - adder
Aim: an adder (severely wounded, 48% to hit)
The zap hits the adder.
You kill the adder!
The zap hits the gnoll.
The gnoll is heavily wounded.
The zap misses the gnoll.
Your Air Magic skill increases to level 6!
You now have 6/7 mp.
Aiming: Shock (safe; 4% risk of failure)
Press: ? - help, Q - select action, (/) - cycle Shift-Dir - straight line, f - gnoll
Aim: a gnoll, wielding a +0 flail (heavily wounded, 75% to hit)
The zap hits the gnoll.
The gnoll is almost dead.
The zap hits the gnoll.
The gnoll is heavily wounded.
The gnoll misses you.
You now have 5/7 mp.
Aiming: Shock (safe; 4% risk of failure)
Press: ? - help, Q - select action, (/) - cycle Shift-Dir - straight line, f/p - gnoll
Aim: a gnoll, wielding a +0 flail (almost dead, 75% to hit)
The zap hits the gnoll but does no damage.
The gnoll is almost dead.
The zap hits the gnoll.
The gnoll is almost dead.
The gnoll hits you with a +0 flail!
* * * LOW HITPOINT WARNING * * *
You take 9 damage, and have 3/19 hp.
MASSIVE DAMAGE!!
You now have 4/7 mp.
Aiming: Shock (safe; 4% risk of failure)
Press: ? - help, Q - select action, (/) - cycle Shift-Dir - straight line, f/p - gnoll
Aim: a gnoll, wielding a +0 flail (almost dead, 75% to hit)
The zap misses the gnoll.
The zap hits the gnoll.
You kill the gnoll!
The gnoll hits you with a +0 flail!
You die...

#....... #...... ......
#.... #... #... #.. #..
#.. #.# ... #@# ..# #g#
# !.# #)# .. ..##
#######.# .. .gh#
#.....#.# .# .#.##
#.....#)# .. .#..#
#.....#.#.#####
.##.######.....#........
.)....†..'gg.....#.#####


You could see a gnoll.

Vanquished Creatures
  2 gnolls (D:2)
  An adder (D:2)
  3 ball pythons
  An endoplasm (D:1)
  4 goblins
  2 hobgoblins (D:1)
  A jackal (D:2)
  2 kobolds
  7 bats
  2 frilled lizards
  3 rats (D:1)
28 creatures vanquished.

Vanquished Creatures (others)
  8 plants (D:2)
8 creatures vanquished.

Grand Total: 36 creatures vanquished

Notes
Turn   | Place    | Note
-------+----------+-------------------------------------------
     0 | D:1      | jasper the Tengu Air Elementalist began the quest for the
                  | Orb.
     0 | D:1      | Reached XP level 1. HP: 10/10 MP: 4/4
   220 | D:1      | Reached XP level 2. HP: 15/15 MP: 3/6
   272 | D:1      | Learned a level 2 spell: Static Discharge
   433 | D:1      | Reached skill level 5 in Air Magic
   761 | D:2      | Found a sparkling altar of Nemelex Xobeh.
   916 | D:2      | Reached XP level 3. HP: 19/19 MP: 3/7
   997 | D:2      | Reached skill level 6 in Air Magic
   999 | D:2      | Slain by a gnoll

Illustrated notes

Levels and vault maps discovered:
D:1:      wander_arrival_estate, layout_rooms, minmay_misc_feat_more_columns
D:2:      layout_basic, basic_altar, nicolae_grassy_gnolls

Skill      XL: |  1  2  3 |
---------------+----------+-----
Air Magic      | 5 6 |  6.0
Dodging        | |  2.1
Stealth        | |  2.0
Spellcasting   | |  2.0
Conjurations   | |  1.3

Action                     || total
---------------------------++-------
  Melee: Mace              ||     3
         Kick              ||     1
   Cast: Shock             ||    52
         Static Discharge  ||     2
    Use: Potion            ||     1
 Armour: Robe              ||     2
  Dodge: Dodged            ||    12

Table legend: (Time is in decaauts)
 A = Elapsed time spent in this place.
 B = Non-inter-level travel time spent in this place.
 C = Inter-level travel time spent in this place.
 D = Time resting spent in this place.
 E = Time spent auto-exploring this place.
 F = Levels seen in this place.
 G = Mean time per level.
                   A        B        C        D        E       F      G
               +--------+--------+--------+--------+--------+-----+--------+
         Total |    999 |    984 |     15 |      0 |    846 |   2 |  499.5 |
       Dungeon |    999 |    984 |     15 |      0 |    846 |   2 |  499.5 |
               +--------+--------+--------+--------+--------+-----+--------+

Top non-repeatable levels by time:
     D:1: 699 daAuts
     D:2: 299 daAuts
